 Dungeon Crawl Stone Soup version 0.31-a0-210-gccc998df9b (webtiles) character file.

Game seed: 17470428887779331358

220985 ragingrage the Dancer (level 19, -5/100 HPs)
             Began as a Vine Stalker Monk on June 29, 2023.
             Was a Follower of Uskayaw.
             Slain by a deep elf blademaster
             ... wielding a +0 rapier
              (13 damage)
             ... on level 2 of the Elven Halls.
             The game lasted 00:44:17 (30569 turns).

ragingrage the Dancer (Vine Stalker Monk)          Turns: 30569, Time: 00:44:17

Health: -5/100     AC: 16    Str: 21    XL:     19   Next: 19%
Magic:  0/31       EV: 19    Int: 14    God:    Uskayaw [*.....]
Gold:   971        SH:  9    Dex: 22    Spells: 11/18 levels left

rFire   + . .        a - +6 short sword (speed)
rCold   + + +        d - +3 warlock's mirror {omnireflect}
rNeg    . . .        Q - +3 ring mail "Nim Eky" {rC+++ Regen+ Int+4 Dex-2}
rPois   +            u - +2 hat
rElec   +            m - +2 cloak {Will+}
rCorr   .            y - +0 pair of gloves of Dishonesty {Harm rElec Regen+ Str-2}
SInv    .            W - +0 pair of boots
Will    +++..        k - amulet of faith
Stlth   ++++         A - ring "Omir" {Wiz Contam rPois Str+8}
HPRegen 2.76/turn    D - ring of protection from fire
MPRegen 0.22/turn

%: harm (+30% outgoing, +20% incoming), reflection, guardian spirit, faith,
wizardry (x1)
@: no status effects
A: fangs 3, regeneration 1, magic shield, antimagic bite, no potion heal 2
}: 1/15 runes: serpentine
a: Renounce Religion, Stomp


You were on level 2 of the Elven Halls.
You worshipped Uskayaw.
Uskayaw was pleased with you.
You visited 6 branches of the dungeon, and saw 30 of its levels.
You also visited: Ossuary and Bailey.

You collected 2985 gold pieces.
You spent 2014 gold pieces at shops.

Inventory:

Hand Weapons
 a - a +6 short sword of speed (weapon)
 b - a +2 rapier of electrocution
 f - a +0 morningstar
Missiles
 g - 50 poisoned darts (quivered)
 O - 8 javelins
Armour
 d - the +3 warlock's mirror (worn) {omnireflect}
   (You found it on level 1 of the Elven Halls)

   Omnireflect: It can block and reflect piercing ranged attacks and magical
   attacks against the wielder's willpower.
 m - a +2 cloak of willpower (worn)
 u - a +2 hat (worn)
 y - the +0 pair of gloves of Dishonesty (worn) {Harm rElec Regen+ Str-2}
   (You acquired it on level 1 of the Lair of Beasts)

   Str:       It affects your strength (-2).
   rElec:     It insulates you from electricity.
   Regen:     It increases your rate of health regeneration.
   Harm:      It increases damage dealt and taken.
 Q - the +3 ring mail "Nim Eky" (worn) {rC+++ Regen+ Int+4 Dex-2}
   (You found it on level 1 of the Lair of Beasts)

   Int:       It affects your intelligence (+4).
   Dex:       It affects your dexterity (-2).
   rC:        It renders you almost immune to cold.
   Regen:     It increases your rate of health regeneration.
 W - a +0 pair of boots (worn)
Jewellery
 i - a ring of flight
 k - an amulet of faith (around neck)
 v - a ring of protection from cold
 A - the ring "Omir" (left hand) {Wiz Contam rPois Str+8}
   (You found it on level 3 of the Dungeon)

   [ring of wizardry]

   It improves your spell success rate.
   Str:       It affects your strength (+8).
   rPois:     It protects you from poison.
   Contam:    It causes magical contamination when unequipped.
 D - a ring of protection from fire (right hand)
 F - a +6 ring of dexterity
Wands
 t - a wand of iceblast (23)
 z - a wand of flame (46)
 H - a wand of charming (28)
 N - a wand of digging (8)
 S - a wand of polymorph (6)
 Z - a wand of quicksilver (13)
Scrolls
 j - 4 scrolls of blinking
 l - 3 scrolls of vulnerability
 s - 4 scrolls of fear
 w - 14 scrolls of teleportation
 B - 8 scrolls of immolation
 E - 4 scrolls of enchant weapon
 L - 4 scrolls of poison
 M - 4 scrolls of silence
 P - 2 scrolls of fog
 T - 3 scrolls of torment
 Y - 2 scrolls of revelation
Potions
 c - 5 potions of ambrosia
 e - 2 potions of cancellation {unknown}
 h - 5 potions of might
 n - 2 potions of brilliance
 p - 7 potions of lignification
 q - 4 potions of enlightenment
 r - 2 potions of resistance
 x - 5 potions of curing
 G - 3 potions of magic
 I - 6 potions of invisibility
 J - 5 potions of attraction
 K - 7 potions of haste
 R - a potion of mutation {unknown}
 U - 3 potions of berserk rage {unknown}
Miscellaneous
 C - a phantom mirror (inert)
 V - a tin of tremorstones (1/2)
 X - a lightning rod (4/4)


   Skills:
 + Level 11.5 Fighting
 + Level 10.9 Short Blades
 - Level 12.0 Maces & Flails
 - Level 6.0 Throwing
 - Level 3.0 Armour
 - Level 11.0 Dodging
 - Level 10.0 Stealth
 - Level 6.0 Shields
 - Level 4.0 Translocations
 - Level 8.0 Transmutations
 - Level 6.0 Earth Magic
 - Level 15.0 Invocations
 - Level 10.0 Evocations


You had 11 spell levels left.
You knew the following spells:

 Your Spells              Type           Power      Damage    Failure   Level
a - Wereblood             Tmut           22%        N/A       1%          2
b - Blink                 Tloc           22%        N/A       6%          2
c - Passwall              Tmut/Erth      15%        N/A       1%          2
d - Apportation           Tloc           22%        N/A       4%          1

Your spell library contained the following spells:

 Spells                   Type           Power      Damage    Failure   Level
 Sandblast                Erth           32%        2d9       1%          1
 Lesser Beckoning         Tloc           22%        N/A       6%          2
 Petrify                  Tmut/Erth      19%        N/A       12%         4
 Gell's Gravitas          Tloc           11%        N/A       13%         3
 Teleport Other           Tloc           11%        N/A       13%         3
 Momentum Strike          Conj/Tloc      10%        3d8       16%         2
 Stone Arrow              Conj/Erth      16%        3d8       19%         3
 Foxfire                  Conj/Fire      0%         2x1d4     22%         1
 Magic Dart               Conj           0%         1d3       22%         1
 Necrotise                Necr           0%         1d4       22%         1
 Summon Small Mammal      Summ           0%         N/A       22%         1
 Ignite Poison            Fire/Tmut/Pois 7%         N/A       22%         3
 Cigotuvi's Dreadful Rot  Necr/Pois/Air  0%         N/A       32%         2
 Sublimation of Blood     Necr           0%         N/A       32%         2
 Call Canine Familiar     Summ           0%         N/A       52%         3
 Inner Flame              Hex/Fire       0%         N/A       52%         3
 Mephitic Cloud           Conj/Pois/Air  0%         N/A       52%         3
 Summon Guardian Golem    Hex/Summ       0%         N/A       52%         3
 Vampiric Draining        Necr           0%         2d6       52%         3
 Alistair's Intoxication  Tmut/Pois      7%         N/A       71%         5
 Borgnjor's Vile Clutch   Necr/Erth      4%         N/A       85%         5
 Flame Wave               Conj/Fire      0%         2d4       89%         4
 Sticky Flame             Conj/Fire      0%         2d3       89%         4
 Agony                    Necr           0%         N/A       99%         5
 Fireball                 Conj/Fire      0%         3d3       99%         5
 Freezing Cloud           Conj/Ice/Air   0%         6-21      99%         5
 Iskenderun's Battlesphe  Conj           0%         2d6       99%         5
 Dispersal                Tloc           5%         N/A       99%         6
 Conjure Ball Lightning   Conj/Air       0%         3x3d6     100%        6
 Orb of Destruction       Conj           0%         9d5       100%        7
 Summon Hydra             Summ           0%         N/A       100%        7
 Ignition                 Fire           0%         3d3       100%        8


Dungeon Overview and Level Annotations

Branches:
Dungeon (15/15)            Temple (1/1) D:5            Lair (5/5) D:9
  Swamp (0/4) Lair:3        Snake (4/4) Lair:2        Slime (0/5) Lair:4
    Orc (2/2) D:10            Elf (3/3) Orc:2        Vaults (0/5) D:14
 Depths (0/4) D:15        Ossuary (visited)          Bailey (visited)

Altars:
Ashenzari
Cheibriados
Dithmenos
Elyvilon
Fedhas
Gozag
Hepliaklqana
Kikubaaqudgha
Makhleb
Nemelex Xobeh
Okawaru
Qazlal
Ru
Sif Muna
Trog
Uskayaw
Vehumet
Wu Jian
Xom
Yredelemnul
The Shining One
Jiyva

Shops:
D:2 !   Orc:2 ***?   Elf:2 !(   Elf:3 [   Snake:4 :

Annotations:
D:3 1 runed translucent door, Crazy Yiuf
D:7 2 runed translucent doors, GoodGuyCap's ghost, novice DsBe
Lair:1 2 transporters
Lair:4 3 runed translucent doors, Zoekh's ghost, journeyman DsCK
Snake:4 3 runed translucent doors, Lance11888's ghost, adept OpDe; ragingrage's ghost, adept FoAr
Elf:2 3 runed translucent doors
Elf:3 1 exclusion


Innate Abilities, Weirdness & Mutations

You have razor-sharp teeth.
Your natural rate of healing is unusually fast.
When hurt, damage is shared between your health and your magic reserves.
Your bite disrupts and absorbs the magic of your enemies.
Potions cannot restore your health.


Message History

The deep elf blademaster hits you but does no damage.
Your deep elf blademaster barely misses the deep elf blademaster.
Your deep elf blademaster hits the deep elf blademaster with a +0 rapier!
Your deep elf blademaster hits the deep elf blademaster with a +0 rapier.
Your deep elf blademaster completely misses the deep elf blademaster.
You block the deep elf blademaster's attack.
The deep elf blademaster hits you but does no damage.
You closely miss the deep elf blademaster.
Your bite misses the deep elf blademaster.
Your deep elf blademaster hits the deep elf blademaster but does no damage. x2
The deep elf blademaster hits you with a +0 rapier.
You block the deep elf blademaster's attack.
You completely miss the deep elf blademaster.
Your bite misses the deep elf blademaster.
The deep elf blademaster hits you with a +0 rapier!
* * * LOW HITPOINT WARNING * * *
You block the deep elf blademaster's attack.
Your deep elf blademaster completely misses the deep elf blademaster.
Your deep elf blademaster hits the deep elf blademaster but does no damage.
You completely miss the deep elf blademaster.
Your bite misses the deep elf blademaster.
You hit the deep elf blademaster.
Your bite misses the deep elf blademaster.
The deep elf blademaster hits you with a +0 rapier!
* * * LOW HITPOINT WARNING * * *
The deep elf blademaster hits you with a +0 rapier!
* * * LOW HITPOINT WARNING * * *
Your deep elf blademaster hits the deep elf blademaster with a +0 rapier! x2
Blink to where?
Press: ? - help, Dir - move target, p - deep elf blademaster
As you read the scroll of blinking, it crumbles to dust.
Your deep elf blademaster closely misses the deep elf blademaster.
Your deep elf blademaster barely misses the deep elf blademaster.
You block the deep elf blademaster's attack.
The deep elf blademaster hits you but does no damage.
Your deep elf blademaster hits the deep elf blademaster with a +0 rapier.
Your deep elf blademaster barely misses the deep elf blademaster.
You block the deep elf blademaster's attack.
The deep elf blademaster hits you with a +0 rapier!
You die...

#...............#
#...............#
#.......####'####
#.>).[).##.....#
#.......##.###.#
#..))[[.##.....#
###########...=e..###...##
..............[e..##.§.§.#
.........[......@.##.###.#
..................##./)|.#
##########'###############
..................#########
......................#...#
......................#...#
'#####...##'#######...#...#
.....#...#........#...#.).#
.....#...#........#...#...#


You could see a deep elf blademaster (fast, ally target) and a friendly deep elf
blademaster (summoned, fast, drained).

Vanquished Creatures
  Bai Suzhen (Snake:3)
  Saint Roka (Elf:2)
  Nikola (Elf:2)
  Rupert (Orc:2)
  A deep elf blademaster (Elf:2)
  Kirke (Lair:4)
  3 nagarajas
  4 deep elf sorcerers
  Aizul (Snake:1)
  2 deep elf elementalists (Elf:3)
  An orc warlord (Bailey)
  5 deep elf demonologists (Elf:3)
  Azrael (Snake:1)
  4 deep elf annihilators (Elf:3)
  A fire dragon (D:15)
  A deep elf death mage (Elf:3)
  Josephine (D:14)
  2 deep elf high priests (Elf:3)
  Fannar (D:11)
  6 hydras
  5 salamander tyrants (Snake:4)
  2 ogre magi
  2 ice dragons (D:15)
  6 anacondas
  A catoblepas (Lair:5)
  5 centaur warriors
  8 dancing weapons
  2 boulder beetles
  Erica (D:11)
  11 two-headed ogres
  8 naga warriors
  8 death yaks (Lair:5)
  A deep troll shaman (Lair:5)
  6 naga sharpshooters
  3 tengu warriors (D:14)
  4 orc high priests
  5 shock serpents
  6 deep elf knights
  4 salamander mystics
  A skyshark (Lair:5)
  7 sea snakes (Snake:3)
  6 naga ritualists
  Pikel (D:9)
  7 deep elf archers
  7 orc knights
  30 deep elf pyromancers
  21 deep elf zephyrmancers
  17 ugly things
  10 mana vipers
  6 orc sorcerers
  12 salamanders
  A manticore (D:11)
  8 cyclopes
  8 elephants
  26 black mambas
  7 guardian serpents
  15 naga magi
  2 gargoyles
  A cane toad (shapeshifter) (D:14)
  A kobold demonologist (D:13)
  An unseen horror (D:11)
  4 rime drakes
  13 cane toads
  An efreet (D:14)
  3 yaktaurs
  8 komodo dragons
  2 tengu conjurers (D:14)
  6 trolls
  A polar bear (Lair:4)
  Prince Ribbit (D:6)
  14 dream sheep
  12 blink frogs
  Sigmund (D:3)
  2 water elementals
  A culicivora (shapeshifter) (D:14)
  6 wraiths
  3 wyverns
  73 yaks
  7 basilisks
  2 fire elementals
  2 hogs (Lair:4)
  2 steam dragons
  12 vampire mosquitoes
  A warg (Elf:2)
  26 nagas
  3 acid dragons
  11 water moccasins
  5 hell hounds (Snake:1)
  A swamp drake (Orc:2)
  2 ice beasts
  43 orc warriors
  7 black bears
  10 ogres
  15 wolves
  14 centaurs
  5 boggarts (D:14)
  3 lemures (D:9)
  5 kobold brigands
  An elf zombie (Ossuary)
  12 bullfrogs
  A gnoll sergeant (D:8)
  A scorpion (D:5)
  An earth elemental (Elf:1)
  4 elf skeletons (D:6)
  3 killer bees
  7 electric eels
  4 howler monkeys
  5 lava snakes
  2 hounds (D:4)
  10 jellies
  27 orc priests
  Jessica (D:3)
  A human zombie (D:6)
  2 iguanas
  28 orc wizards
  2 sleepcaps
  2 human skeletons (D:6)
  4 mummies (Ossuary)
  20 gnolls
  3 adders
  A white imp (D:7)
  2 ufetubi (D:5)
  3 worms
  98 orcs
  6 endoplasms
  7 giant cockroaches
  A gnoll zombie (Ossuary)
  19 goblins
  20 hobgoblins
  11 jackals
  20 kobolds
  4 quokkas
  6 ball pythons
  6 bats
  5 frilled lizards
  A goblin zombie (Ossuary)
  A hobgoblin zombie (Ossuary)
  4 jackal zombies (Ossuary)
  2 kobold zombies (Ossuary)
  4 orc skeletons (D:6)
  An orc zombie (Ossuary)
  8 rats
  A rat zombie (Ossuary)
1021 creatures vanquished.

Vanquished Creatures (collateral kills)
  An electric eel (Snake:3)
1 creature vanquished.

Vanquished Creatures (others)
  A deep elf zephyrmancer (Elf:1)
  A black mamba (Snake:3)
  An orc (Orc:2)
3 creatures vanquished.

Grand Total: 1025 creatures vanquished

Notes
Turn   | Place    | Note
-------+----------+-------------------------------------------
     0 | D:1      | ragingrage the Vine Stalker Monk began the quest for the
                  | Orb.
     0 | D:1      | Reached XP level 1. HP: 11/11 MP: 2/2
    84 | D:1      | Reached skill level 1 in Maces & Flails
    84 | D:1      | Reached XP level 2. HP: 16/16 MP: 3/3
   186 | D:1      | Reached XP level 3. HP: 19/19 MP: 4/4
   456 | D:2      | Found a faded altar of an unknown god.
   908 | D:2      | Found Feth's Distillery.
   922 | D:2      | Bought a potion of lignification for 39 gold pieces
  1179 | D:2      | Gained mutation: Your natural rate of healing is unusually
                  | fast. [Vine Stalker growth]
  1179 | D:2      | Reached XP level 4. HP: 23/23 MP: 5/5
  1304 | D:3      | Noticed Jessica
  1308 | D:3      | Killed Jessica
  1341 | D:3      | Got the Papyrus of Topography and Nephomancy
  1546 | D:3      | Noticed Sigmund
  1559 | D:3      | Killed Sigmund
  1560 | D:3      | Reached skill level 5 in Maces & Flails
  1560 | D:3      | Reached XP level 5. HP: 24/27 MP: 6/6
  1560 | D:3      | Reached XP level 6. HP: 28/32 MP: 7/7
  2036 | D:3      | Identified the ring "Omir" {Wiz Contam rPois Str+8}
  2216 | D:3      | Found a runed translucent door.
  2217 | D:3      | Noticed Crazy Yiuf
  2303 | D:4      | Reached XP level 7. HP: 35/35 MP: 8/8
  2613 | D:5      | Entered Level 5 of the Dungeon
  2994 | D:5      | Gained mutation: You have razor-sharp teeth. [Vine Stalker
                  | growth]
  2994 | D:5      | Reached XP level 8. HP: 39/39 MP: 9/9
  3098 | D:5      | Found a staircase to the Ecumenical Temple.
  3105 | Temple   | Entered the Ecumenical Temple
  3307 | Temple   | Became a worshipper of Uskayaw the Reveller
  3307 | Temple   | Reached * piety under Uskayaw
  3568 | D:5      | Reached ** piety under Uskayaw
  3975 | D:6      | Found a sand-covered staircase.
  3984 | Ossuary  | Entered an ossuary
  3996 | Ossuary  | Reached *** piety under Uskayaw
  4000 | Ossuary  | Reached **** piety under Uskayaw
  4258 | D:6      | Reached skill level 10 in Maces & Flails
  4269 | D:6      | Reached XP level 9. HP: 43/43 MP: 10/10
  4411 | D:6      | Learned a level 2 spell: Wereblood
  4505 | D:6      | Found a glowing golden altar of the Shining One.
  4563 | D:6      | Noticed Prince Ribbit
  4574 | D:6      | Killed Prince Ribbit
  4575 | D:6      | Reached skill level 1 in Transmutations
  4651 | D:6      | Reached ***** piety under Uskayaw
  5188 | D:7      | Found a runed translucent gate.
  5188 | D:7      | Identified the +8 plate armour of the Ward {rPois Int+2
                  | Dex+2}
  5188 | D:7      | Noticed GoodGuyCap's ghost (novice DsBe)
  5256 | D:7      | Found a runed translucent gate.
  5894 | D:8      | Reached ****** piety under Uskayaw
  5896 | D:8      | Reached skill level 5 in Transmutations
  5962 | D:8      | Found a white marble altar of Elyvilon.
  6053 | D:8      | Found a hazy altar of Hepliaklqana.
  6124 | D:8      | Reached XP level 10. HP: 47/47 MP: 11/11
  6676 | D:9      | Noticed Pikel
  6694 | D:9      | Killed Pikel
  6748 | D:9      | Reached skill level 1 in Stealth
  6748 | D:9      | Reached skill level 1 in Invocations
  6882 | D:9      | Found a staircase to the Lair.
  6962 | D:9      | Reached skill level 2 in Invocations
  6976 | D:9      | Reached skill level 1 in Evocations
  7087 | D:9      | Reached skill level 3 in Invocations
  7394 | D:9      | Reached XP level 11. HP: 50/53 MP: 14/14
  7397 | D:9      | Reached skill level 4 in Invocations
  7591 | D:10     | Entered Level 10 of the Dungeon
  7700 | D:10     | Reached skill level 5 in Invocations
  7756 | D:10     | Found a staircase to the Orcish Mines.
  7878 | D:10     | Found a flagged portal.
  7924 | D:10     | Reached skill level 6 in Invocations
  7974 | Bailey   | Entered a bailey
  8097 | Bailey   | Noticed an orc knight
  8111 | Bailey   | Killed an orc knight
  8171 | Bailey   | Reached skill level 5 in Fighting
  8291 | Bailey   | Noticed an orc warlord
  8330 | Bailey   | Killed an orc warlord
  8331 | Bailey   | Reached skill level 7 in Invocations
  8682 | D:10     | Found a stormy altar of Qazlal.
  8876 | D:11     | Reached XP level 12. HP: 47/60 MP: 18/18
  8883 | D:11     | Reached skill level 5 in Dodging
  8883 | D:11     | Reached skill level 9 in Invocations
  8883 | D:11     | Reached skill level 5 in Evocations
  8883 | D:11     | Reached XP level 13. HP: 64/65 MP: 18/20
  8884 | D:11     | Reached skill level 10 in Invocations
  8884 | D:11     | Reached XP level 14. HP: 72/72 MP: 18/23
  8937 | D:11     | Noticed Fannar
  8964 | D:11     | Killed Fannar
  9366 | D:11     | Reached skill level 11 in Invocations
  9469 | D:11     | Noticed Erica
  9481 | D:11     | Killed Erica
 10684 | Lair:1   | Entered Level 1 of the Lair of Beasts
 10896 | Lair:1   | Identified a scroll of acquirement
 10896 | Lair:1   | Acquired the +0 pair of gloves of Dishonesty {Harm rElec
                  | Regen+ Str-2}
 10950 | Lair:1   | Reached skill level 5 in Stealth
 10972 | Lair:1   | Identified the +3 ring mail "Nim Eky" {rC+++ Regen+ Int+4
                  | Dex-2}
 11218 | Lair:1   | Found a transporter.
 11219 | Lair:1   | Found a transporter.
 11563 | Lair:2   | Found a staircase to the Snake Pit.
 11572 | Lair:2   | Reached skill level 5 in Short Blades
 11979 | Lair:2   | You fall into a shaft and drop 2 floors!
 12192 | Lair:4   | Noticed Kirke
 12221 | Lair:4   | Killed Kirke
 12223 | Lair:4   | Found a runed translucent gate.
 12223 | Lair:4   | Found a runed translucent gate.
 12223 | Lair:4   | Found a runed translucent gate.
 12224 | Lair:4   | Noticed an acid blob
 12224 | Lair:4   | Noticed an acid blob
 12225 | Lair:4   | Noticed an acid blob
 12226 | Lair:4   | Noticed an azure jelly
 12226 | Lair:4   | Noticed an azure jelly
 12226 | Lair:4   | Noticed an azure jelly
 12226 | Lair:4   | Noticed Zoekh's ghost (journeyman DsCK)
 12226 | Lair:4   | Noticed an acid blob
 12226 | Lair:4   | Noticed an acid blob
 12227 | Lair:4   | Noticed an azure jelly
 12229 | Lair:4   | Found a viscous altar of Jiyva.
 12237 | Lair:4   | Reached skill level 12 in Invocations
 12450 | Lair:4   | Found a staircase to the Slime Pits.
 13337 | Lair:3   | Found a staircase to the Swamp.
 13381 | Lair:3   | Reached XP level 15. HP: 79/79 MP: 23/25
 13963 | Lair:2   | Reached skill level 10 in Fighting
 14335 | Lair:5   | Entered Level 5 of the Lair of Beasts
 14489 | Lair:5   | Reached skill level 1 in Armour
 14941 | Lair:5   | Reached skill level 1 in Shields
 15382 | Lair:5   | Reached skill level 1 in Throwing
 16879 | D:14     | Reached skill level 5 in Shields
 16959 | D:14     | Reached XP level 16. HP: 80/85 MP: 24/26
 17317 | D:14     | Found a gate to the Vaults.
 17956 | D:14     | Noticed Josephine
 18097 | D:14     | Killed Josephine
 18384 | Orc:1    | Entered Level 1 of the Orcish Mines
 18422 | Orc:1    | Found a bloodstained altar of Trog.
 19019 | Orc:2    | Entered Level 2 of the Orcish Mines
 19024 | Orc:2    | Found a staircase to the Elven Halls.
 19200 | Orc:2    | Noticed Nessos
 19202 | Orc:2    | Nessos changed into Nessos the swamp drake
 19202 | Orc:2    | Noticed Nessos
 19208 | Orc:2    | Killed Nessos the swamp drake
 19298 | Orc:2    | Noticed Rupert
 19451 | Orc:2    | Reached skill level 5 in Throwing
 19504 | Orc:2    | Found Suonyfah's Magic Scroll Boutique.
 19504 | Orc:2    | Found Fashiq's General Store.
 19506 | Orc:2    | Found Henao's General Store.
 19506 | Orc:2    | Found Peafes's General Store.
 19523 | Orc:2    | Bought a scroll of blinking for 105 gold pieces
 19523 | Orc:2    | Bought a scroll of blinking for 105 gold pieces
 19523 | Orc:2    | Bought a scroll of teleportation for 42 gold pieces
 19523 | Orc:2    | Bought a scroll of blinking for 105 gold pieces
 19526 | Orc:2    | Bought a potion of might for 56 gold pieces
 19528 | Orc:2    | Bought a tin of tremorstones (2/2) for 520 gold pieces
 19528 | Orc:2    | Bought a wand of iceblast (2) for 62 gold pieces
 19661 | Orc:2    | Killed Rupert
 20095 | D:15     | Entered Level 15 of the Dungeon
 20419 | D:15     | Reached skill level 10 in Short Blades
 20667 | D:15     | Found a staircase to the Depths.
 20688 | D:15     | Learned a level 2 spell: Blink
 21042 | D:15     | Learned a level 2 spell: Passwall
 21393 | Snake:1  | Entered Level 1 of the Snake Pit
 21401 | Snake:1  | Noticed Azrael
 21414 | Snake:1  | Reached XP level 17. HP: 89/89 MP: 25/27
 21420 | Snake:1  | Killed Azrael
 21421 | Snake:1  | Reached skill level 1 in Translocations
 21568 | Snake:1  | Reached skill level 1 in Earth Magic
 21642 | Snake:1  | Noticed Aizul
 21672 | Snake:1  | Killed Aizul
 22996 | Snake:2  | Reached skill level 13 in Invocations
 23165 | Snake:3  | Reached skill level 10 in Dodging
 23433 | Snake:3  | HP: 2/89 [constriction (4)]
 23794 | Snake:3  | Noticed Bai Suzhen
 23819 | Snake:3  | Killed Bai Suzhen
 24714 | Snake:4  | Entered Level 4 of the Snake Pit
 24725 | Snake:4  | Found Nori's Book Shop.
 24971 | Snake:4  | Learned a level 1 spell: Apportation
 25152 | Snake:4  | Reached XP level 18. HP: 92/93 MP: 29/29
 25548 | Snake:4  | Reached skill level 5 in Earth Magic
 25693 | Snake:4  | Found an ancient bone altar of Kikubaaqudgha.
 25702 | Snake:4  | Found a runed translucent gate.
 25702 | Snake:4  | Found a runed translucent gate.
 25702 | Snake:4  | Found a runed translucent gate.
 25706 | Snake:4  | Noticed ragingrage's ghost (adept FoAr)
 25706 | Snake:4  | Noticed Lance11888's ghost (adept OpDe)
 25788 | Snake:4  | Reached skill level 14 in Invocations
 25969 | Snake:4  | Got a serpentine rune of Zot
 26242 | Elf:1    | Entered Level 1 of the Elven Halls
 26584 | Elf:1    | Reached skill level 10 in Stealth
 26644 | Elf:1    | Identified the +4 rapier "Syt Vuun" {flame, +Blink rPois
                  | Str-5 Dex-5}
 26963 | Elf:1    | Found the +3 warlock's mirror {omnireflect}
 27050 | Elf:1    | Got the Folio of Conjury
 27416 | Elf:2    | Reached skill level 10 in Evocations
 27466 | Elf:2    | Noticed Saint Roka
 27494 | Elf:2    | Killed Saint Roka
 27739 | Elf:2    | Reached skill level 15 in Invocations
 27837 | Elf:2    | Found a runed translucent gate.
 27840 | Elf:2    | Found a runed translucent gate.
 27841 | Elf:2    | Found a runed translucent gate.
 28023 | Elf:2    | Found Bitia's Antique Weapon Shoppe.
 28151 | Elf:2    | Found Otwet's Distillery.
 28162 | Elf:2    | Bought a potion of haste for 100 gold pieces
 28162 | Elf:2    | Bought a potion of haste for 100 gold pieces
 28162 | Elf:2    | Bought a potion of might for 40 gold pieces
 28162 | Elf:2    | Bought a potion of invisibility for 80 gold pieces
 28255 | Elf:2    | Noticed Nikola
 28266 | Elf:2    | Killed Nikola
 28482 | Elf:2    | Noticed a deep elf blademaster
 28503 | Elf:3    | Entered Level 3 of the Elven Halls
 28509 | Elf:3    | Noticed a Hell Sentinel
 28619 | Elf:3    | Noticed an Ice Fiend
 28989 | Elf:3    | Reached XP level 19. HP: 84/99 MP: 21/31
 29002 | Elf:3    | Noticed a Brimstone Fiend
 29136 | Elf:3    | HP: 3/100 [deep elf blademaster/+0 rapier (11)]
 29313 | Elf:3    | Found Ponuiz's Antique Armour Emporium.
 29322 | Elf:3    | Bought a pair of glowing gloves for 330 gold pieces
 29323 | Elf:3    | Bought an embroidered cloak for 330 gold pieces
 30033 | Elf:3    | Identified the +8 crystal plate armour of the Game of Kings
                  | {+Blink rF+ rN+++ Stlth+}
 30033 | Elf:3    | Identified the +3 morningstar "Killer Bee's Peril" {elec,
                  | Int+2}
 30567 | Elf:2    | HP: 2/100 [deep elf blademaster/+0 rapier (12)]
 30569 | Elf:2    | Slain by a deep elf blademaster

Illustrated notes

Levels and vault maps discovered:
D:1:      dpeg_arrival_lava_temple_mockup, layout_rooms, due_unseen_surprise
D:2:      minmay_angry_zag, layout_loops_ring, serial_shops,
          nicolae_shop_tiny_statue_garden, ebering_ecumenical_altar_sacrificial
D:3:      minmay_chambers_of_threes, layout_basic, uniq_crazy_yiuf_cottage,
          uniq_jessica, uniq_sigmund
D:4:      layout_rooms, st_stairs_4, minmay_tree_intersection
D:5:      layout_basic, temple_statues
D:6:      layout_basic, kennysheep_mini, nicolae_ossuary_entry_catacombs,
          kennysheep_generic_room_7, uniq_prince_ribbit1
D:7:      layout_loops_ring, biasface_ghost_orc_armoury, kennysheep_boxes
D:8:      layout_loops_ring, overflow_temple_1_default,
          mainiacjoe_overflow_paths
D:9:      layout_loops_corners, david_lair_generic, uniq_pikel
D:10:     layout_cave_pools, mainiacjoe_overflow_small_starburst, erik_orc_2,
          enter_bailey_3
D:11:     layout_irregular_city, eino_small_chamber_without_monster,
          hangedman_abyss_or_decor_lesser_grid, nrook_guardian_serpent_ordinary,
          uniq_fannar, uniq_erica
D:12:     layout_roguey, serial_curves, eino_curves_04, eino_curves_01,
          minmay_fountain_box, hangedman_decor_peaks_small
D:13:     layout_roguey, palyth_stone_intersect
D:14:     layout_loops_ring, hangedman_vaults_entry_quadrant_bands,
          roderic_lattice_a, minivault_21, kennysheep_cluttered_room,
          uniq_josephine
D:15:     grunt_enter_depths_hoard, layout_long_grid
Temple:   dpeg_five_rooms_temple
Lair:1:   gammafunk_boulding_lane, layout_misc_corridors, serial_bayou_shore_b
Lair:2:   layout_regular_city, nicolae_snake_entry_warm_welcome,
          infiniplex_staircase_pool
Lair:3:   layout_hall_layers, swamp_mist_pool, nzn_sisyphean_effort
Lair:4:   layout_regular_city, nicolae_slime_entry_field_trip,
          gammafunk_ghost_ooze, grunt_megastairs_3, uniq_kirke
Lair:5:   grunt_lair_end_beastmaster, layout_long_grid, serial_rivers,
          chequers_serial_rivers_micro_b, chequers_serial_rivers_small_a,
          chequers_serial_rivers_room_b, chequers_serial_rivers_room_b
Snake:1:  layout_gridlike, uniq_azrael, uniq_aizul
Snake:2:  layout_misc_corridors
Snake:3:  layout_basic, serial_bayou, serial_bayou_shore_b,
          serial_bayou_shore_a, serial_bayou_lagoon_a, serial_bayou_shore_b,
          nicolae_elevator_lobby_plus, uniq_bai_suzhen
Snake:4:  grunt_snake_rune_pools, layout_misc_corridors, basic_altar,
          serial_shops, shop_coins, gammafunk_ghost_cemetery,
          chequers_hall_statues_y
Orc:1:    layout_caves, basic_altar, minmay_orc_temple_c
Orc:2:    grunt_orc_tribal_feast, layout_caves, mines2_david, uniq_rupert,
          uniq_nessos
Elf:1:    eino_elf_arrival_customs, layout_geoelf_diagonals, minmay_elf_sorcery,
          lemuel_flamethrower_2
Elf:2:    nicolae_elf_blades_splatter_lattice [nicolae_blade_entry_antechamber],
          layout_onion_city, serial_shops, shop, nicolae_shop_industrial_runoff,
          kilobyte_mutagenic_chamber, uniq_saint_roka, uniq_nikola
Elf:3:    grunt_elf_hall_diamonds, layout_loops_cross, serial_shops, shop

Skill      XL: |  1  2  3  4  5  6  7  8  9 10 11 12 13 14 15 16 17 18 19 |
---------------+----------------------------------------------------------+-----
Maces & Flails | 1 2 3 5 6 7 10 11 12 | 12.0
Transmutations | 5 7 8 |  8.0
Stealth        | 3 8 10 | 10.0
Invocations    | 3 7 9 10 12 13 15 | 15.0
Fighting       | 3 5 6 7 9 10 11 | 11.5
Evocations     | 2 4 5 6 8 10 | 10.0
Dodging        | 3 4 5 6 8 9 10 11 | 11.0
Short Blades   | 6 8 10 | 10.9
Armour         | 3 |  3.0
Shields        | 5 6 |  6.0
Throwing       | 3 5 6 |  6.0
Translocations | 4 |  4.0
Earth Magic    | 4 6 |  6.0

Action                     |  1- 3 |  4- 6 |  7- 9 | 10-12 | 13-15 | 16-18 | 19-21 || total
---------------------------+-------+-------+-------+-------+-------+-------+-------++-------
  Melee: Whip              |    57 |    98 |   254 |   361 |   757 |  1163 |       ||  2690
         Short sword       |     4 |       |       |     2 |       |   218 |    84 ||   308
         Bite              |    12 |    37 |   101 |   169 |   436 |   663 |    31 ||  1449
         Dagger            |       |       |       |    12 |    43 |   115 |       ||   170
  Throw: Dart              |       |       |     4 |    13 |    16 |       |     3 ||    36
         Javelin           |       |       |       |     1 |       |     5 |       ||     6
         Throwing net      |       |       |       |     1 |       |       |       ||     1
   Cast: Wereblood         |       |       |     5 |    17 |    38 |    47 |     3 ||   110
 Invoke: Grand Finale      |       |       |       |       |     2 |     1 |       ||     3
         Line Pass         |       |       |       |       |       |     1 |       ||     1
  Evoke: Piece from Xom's  |       |       |       |     2 |     1 |       |       ||     3
         Wand              |       |       |       |     1 |     4 |    26 |     2 ||    33
         Lightning rod     |       |       |       |       |       |     4 |       ||     4
         Tin of tremorston |       |       |       |       |       |     3 |       ||     3
         Phantom mirror    |       |       |       |       |       |       |     1 ||     1
    Use: Scroll            |       |       |       |    14 |     9 |     7 |     4 ||    34
         Potion            |       |       |       |     1 |     2 |     1 |     1 ||     5
   Stab: Distracted        |     1 |       |       |       |     1 |     2 |       ||     4
         Paralysed         |       |       |    11 |    33 |    77 |   129 |     4 ||   254
         Held in net/web   |       |       |       |     2 |       |       |       ||     2
         Sleeping          |       |       |       |       |     8 |    28 |     2 ||    38
         Petrified         |       |       |       |       |     2 |       |       ||     2
 Armour: Robe              |     8 |    18 |    21 |    29 |       |       |       ||    76
         Ring mail         |       |       |    32 |     4 |   134 |   219 |    18 ||   407
         Leather armour    |       |       |       |     4 |    26 |       |       ||    30
  Dodge: Dodged            |    32 |    42 |   140 |   142 |   370 |   493 |    17 ||  1236
  Block: Buckler           |       |       |       |       |    66 |   318 |    23 ||   407
         Reflection        |       |       |       |       |       |     6 |     3 ||     9

Table legend: (Time is in decaauts)
 A = Elapsed time spent in this place.
 B = Non-inter-level travel time spent in this place.
 C = Inter-level travel time spent in this place.
 D = Time resting spent in this place.
 E = Time spent auto-exploring this place.
 F = Levels seen in this place.
 G = Mean time per level.
                   A        B        C        D        E       F      G
               +--------+--------+--------+--------+--------+-----+--------+
         Total |  29079 |  26327 |   2752 |   3790 |  16660 |  32 |  908.7 |
       Dungeon |  13194 |  11767 |   1427 |    735 |   8458 |  15 |  879.6 |
        Temple |    254 |    175 |     79 |      0 |    165 |   1 |  254.0 |
          Lair |   5197 |   4434 |    763 |    344 |   3164 |   5 | 1039.4 |
     Snake Pit |   3942 |   3711 |    231 |    423 |   2265 |   4 |  985.5 |
  Orcish Mines |   1752 |   1571 |    181 |    388 |    821 |   2 |  876.0 |
   Elven Halls |   4065 |   3996 |     69 |   1872 |   1458 |   3 | 1355.0 |
       Ossuary |    199 |    199 |      0 |      0 |    137 |   1 |  199.0 |
        Bailey |    472 |    472 |      0 |     28 |    190 |   1 |  472.0 |
               +--------+--------+--------+--------+--------+-----+--------+

Top non-repeatable levels by time:
   Elf:2: 1737 daAuts
    D:14: 1473 daAuts
  Lair:4: 1264 daAuts
   Elf:1: 1249 daAuts
 Snake:4: 1235 daAuts
  Lair:2: 1201 daAuts
     D:6: 1143 daAuts
     D:9: 1128 daAuts
     D:3: 1101 daAuts
   Elf:3: 1078 daAuts
 Snake:3: 1052 daAuts
    D:11: 1042 daAuts
  Lair:5: 1038 daAuts
    D:15: 943 daAuts
   Orc:2: 884 daAuts
